 Dungeon Crawl Stone Soup version 0.21-a0-228-g14ccbf3 (webtiles) character file.

1372 Ijustatesigmund the Twirler (level 8, 0/69 HPs)
             Began as a Formicid Fighter on Aug 30, 2017.
             Slain by a manticore (2 damage)
             ... on level 15 of the Dungeon on Aug 31, 2017.
             The game lasted 00:16:43 (5206 turns).

Ijustatesigmund the Twirler (Formicid Fighter)      Turns: 5206, Time: 00:16:45

Health: 0/69       AC: 11    Str: 20    XL:     8   Next: 98%
Magic:  7/7        EV:  5    Int: 11    God:
Gold:   135        SH: 15    Dex: 12    Spells: 6/7 levels left

rFire    . . .     SeeInvis +   a - +1 quarterstaff
rCold    . . .     Gourm    .   d - +2 large shield {AC+3}
rNeg     . . .     Faith    .   b - +0 scale mail
rPois    .         Spirit   .   (helmet unavailable)
rElec    .         Reflect  .   (no cloak)
rCorr    .         Harm     .   (no gloves)
MR       .....                  (no boots)
Stlth    ..........             (no amulet)
HPRegen  0.21/turn              (no ring)
MPRegen  0.10/turn              (no ring)

@: drained
A: permanent stasis, dig shafts and tunnels, four strong arms, antennae 3,
talons 1, rugged brown scales 1, clever 1, low mp 1
a: Dig, Shaft Self


You were on level 15 of the Dungeon.
You were not hungry.

You visited 2 branches of the dungeon, and saw 15 of its levels.
You also visited: Sewer.

You collected 135 gold pieces.

Inventory:

Hand Weapons
 a - a +1 quarterstaff (weapon)
 e - a cursed -3 blowgun
Missiles
 n - 7 curare-tipped needles
Armour
 b - a +0 scale mail (worn)
 c - a +0 shield
 d - a +2 large shield of protection (worn)
Jewellery
 f - a cursed +2 ring of intelligence {unknown}
Wands
 l - a wand of iceblast (5/15)
Scrolls
 k - 2 scrolls of remove curse
 o - a scroll of fear
Potions
 g - 2 potions of curing
 h - 2 potions of agility
 m - a potion of brilliance
Books
 i - Sif Muna's Guide on Malediction
   (You found it on level 3 of the Dungeon)

   Spells                             Type                      Level
   a - Corona                         Hexes                        1
 j - a book of Cantrips

   Spells                             Type                      Level
   a - Confusing Touch                Hexes                        1
   b - Animate Skeleton               Necromancy                   1
   c - Summon Small Mammal            Summoning                    1
   d - Apportation                    Translocation                1
Comestibles
 p - a meat ration


   Skills:
 - Level 7.2(6.1) Fighting
 - Level 7.9(6.8) Staves
 - Level 5.0(4.0) Armour
 + Level 3.6(2.6) Shields


You had 6 spell levels left.
You knew the following spells:

 Your Spells              Type           Power        Failure   Level  Hunger
a - Animate Skeleton      Necr           N/A          100%        1    ##.....


Dungeon Overview and Level Annotations

Branches:
Dungeon (15/15)            Temple (1/1) D:4
   Lair: D:8-11         Orc: D:9-12      Vaults: D:13-14     Depths: D:15

Altars:
Ashenzari
Cheibriados
Dithmenos
Elyvilon
Fedhas
Gozag
Hepliaklqana
Kikubaaqudgha
Makhleb
Nemelex Xobeh
Okawaru
Qazlal
Ru
Sif Muna
Trog
Vehumet
Wu Jian
Xom
Yredelemnul
Zin
The Shining One

Shops:
D:4 }   D:5 *

Annotations:
D:9 Prince Ribbit
D:12 Nergalle


Innate Abilities, Weirdness & Mutations

You cannot be hasted, slowed, berserked, paralysed or teleported.
You can dig through walls and to a lower floor.
Your four strong arms can wield two-handed weapons with a shield.
You have a pair of large antennae on your head. (SInv)
You have sharp toenails.
You are partially covered in rugged brown scales. (AC +1, +3% HP)
Your mind is acute. (Int +2)
Your magical capacity is low. (-10% MP)


Message History

You hit the manticore but do no damage. Your kick misses the manticore.
The manticore is heavily wounded.
The manticore bites you but does no damage.
The manticore claws you but does no damage.
You block the manticore's attack.
The deep elf mage gestures wildly while chanting.
The deep elf mage blinks!
You hit the manticore but do no damage. You claw the manticore.
The manticore is severely wounded.
The manticore bites you!
* * * LOW HITPOINT WARNING * * *
You block the manticore's attack.
The manticore claws you but does no damage.
The deep elf mage casts a spell at you. The bolt of negative energy hits you!
You feel drained.
* * * LOW HITPOINT WARNING * * *
The manticore bites you!
* * * LOW HITPOINT WARNING * * *
The manticore claws you.
You die...

## .# ..# .# ..#
.. #.## ยง# #...
.# .# #..# ?# #
...####..##e##.#..
........<.@H.....#
............#.####
#......#......#
######..........#
# #...###.......
#.####..## .#.##..
#......## #.#..# #
#......####..##.##
#..##.............


You could see a manticore and a deep elf mage.

Vanquished Creatures
  A sky beast (D:7)
  Purgy (Sewer)
  An eye of draining (D:15)
  2 black bears
  An ogre (D:5)
  2 centaurs
  A bullfrog (D:10)
  2 scorpions
  2 crimson imps
  A bullfrog zombie (D:5)
  A bullfrog skeleton (D:11)
  An orc priest (D:4)
  A centaur skeleton (D:3)
  3 worker ants (D:4)
  An iguana (D:6)
  2 orc wizards (D:3)
  2 gnolls
  3 adders
  A shadow imp (D:15)
  An ooze (D:3)
  3 worms
  A dart slug (D:1)
  2 leopard geckos (D:6)
  23 orcs
  8 giant cockroaches
  6 goblins
  7 hobgoblins
  5 jackals (D:3)
  5 quokkas
  2 ball pythons
  6 bats
  A frilled lizard (D:2)
  A jackal skeleton (D:4)
  5 kobolds
  A leopard gecko skeleton (D:4)
  4 rats
110 creatures vanquished.

Vanquished Creatures (others)
  5 toadstools (D:1)
5 creatures vanquished.

Grand Total: 115 creatures vanquished

Notes
Turn   | Place    | Note
-------+----------+-------------------------------------------
     0 | D:1      | Ijustatesigmund the Formicid Fighter began the quest for the Orb.
     0 | D:1      | Reached XP level 1. HP: 18/18 MP: 1/1
    77 | D:1      | Reached XP level 2. HP: 24/24 MP: 2/2
   328 | D:1      | Reached XP level 3. HP: 30/30 MP: 3/3
   557 | D:2      | Found a faded altar of an unknown god.
   630 | D:2      | Found a blossoming altar of Fedhas.
   744 | D:2      | Upgraded the game from 0.21-a0-227-g58a7c62 to 0.21-a0-228-g14ccbf3
   817 | D:3      | Reached XP level 4. HP: 27/37 MP: 4/4
   974 | D:3      | Found a deep blue altar of Sif Muna.
  1008 | D:3      | Reached XP level 5. HP: 34/43 MP: 5/5
  1012 | D:3      | Identified Sif Muna's Guide on Malediction
  1325 | D:3      | Learned a level 1 spell: Animate Skeleton
  1419 | D:3      | Reached XP level 6. HP: 30/49 MP: 6/6
  1848 | D:3      | Reached skill level 5 in Staves
  2141 | D:4      | Found Xuseoloz's Gadget Shoppe.
  2182 | D:4      | Reached skill level 5 in Fighting
  2400 | D:4      | You fall through a shaft for 3 floors!
  2647 | D:7      | Noticed a sky beast
  2660 | D:7      | Killed a sky beast
  2660 | D:7      | Reached XP level 7. HP: 33/56 MP: 7/7
  3021 | D:6      | Found a glowing drain.
  3048 | Sewer    | Entered a sewer
  3426 | Sewer    | Noticed Purgy
  3432 | Sewer    | Killed Purgy
  3666 | D:5      | Entered Level 5 of the Dungeon
  3694 | D:5      | Reached XP level 8. HP: 25/64 MP: 8/8
  3900 | D:5      | Found Nyqiukk's Assorted Antiques.
  4011 | D:4      | Found a staircase to the Ecumenical Temple.
  4020 | Temple   | Entered the Ecumenical Temple
  4253 | D:4      | You fall through a shaft!
  4483 | D:5      | You fall through a shaft for 3 floors!
  4494 | D:8      | You fall through a shaft for 3 floors!
  4771 | D:10     | Entered Level 10 of the Dungeon
  4793 | D:9      | Noticed Prince Ribbit
  4813 | D:10     | Gained mutation: Armour fits poorly on your strangely shaped body. [potion of mutation]
  4813 | D:10     | Gained mutation: You are partially covered in large bone plates. (SH +4) [potion of mutation]
  4813 | D:10     | Gained mutation: You are partially covered in slimy green scales. (AC +2) [potion of mutation]
  4824 | D:10     | Lost mutation: Armour fits poorly on your strangely shaped body. [potion of mutation]
  4824 | D:10     | Lost mutation: You are partially covered in large bone plates. (SH +4) [potion of mutation]
  4824 | D:10     | Lost mutation: You are partially covered in slimy green scales. (AC +2) [potion of mutation]
  4824 | D:10     | Gained mutation: Your magical capacity is low. (-10% MP) [potion of mutation]
  4824 | D:10     | Gained mutation: Your mind is acute. (Int +2) [potion of mutation]
  4824 | D:10     | Gained mutation: You are partially covered in rugged brown scales. (AC +1, +3% HP) [potion of mutation]
  4824 | D:10     | Gained mutation: You have sharp toenails. [potion of mutation]
  5086 | D:9      | Noticed a two-headed ogre
  5101 | D:10     | You fall through a shaft!
  5101 | D:11     | Noticed a five-headed hydra
  5104 | D:11     | You fall through a shaft!
  5104 | D:12     | Noticed Nergalle
  5107 | D:12     | You fall through a shaft for 3 floors!
  5107 | D:15     | Entered Level 15 of the Dungeon
  5124 | D:15     | Reached skill level 5 in Armour
  5134 | D:15     | Noticed a manticore
  5191 | D:14     | Noticed a white ugly thing
  5192 | D:14     | Noticed a white ugly thing
  5192 | D:14     | Noticed a white ugly thing
  5192 | D:14     | Noticed a white ugly thing
  5201 | D:15     | Noticed a deep elf mage
  5206 | D:15     | HP: 2/69 [manticore (8)]
  5206 | D:15     | Slain by a manticore

Vault maps used:
D:1:      ldierk_walled_garden
D:2:      chequers_ecumenical_altar_island, fedhas_altar_2
D:3:      led_sif_book
D:4:      minmay_temple_entry_statues_fountains, first_bread, serial_shops, shop
D:5:      serial_shops, nicolae_shop_overgrown_old_shop,
          kennysheep_generic_room_6
D:6:      portal_sewer_entry_f, uniq_blork_the_orc, uniq_duvessa
D:7:      grunt_livestock
D:8:      dancing_weapons_uskayaw, serial_shops, kennysheep_mini_moat
D:9:      lair_entry_dummy, orc_0_dummy, uniq_prince_ribbit1
D:10:     basic_altar
D:11:     nicolae_qazlal_general_emergency
D:12:     uniq_nergalle, uniq_nessos, uniq_maurice
D:14:     uniq_louise
D:15:     grunt_enter_depths_magical_seal, minmay_misc_feat_tiny, spider_trap,
          uniq_rupert
Temple:   kilobyte_greek_temple
Sewer:    kennysheep_door_sewer

Skill      XL: |  1  2  3  4  5  6  7  8 |
---------------+-------------------------+-----
Staves         | 3 4 5 7 |  7.9
Fighting       | 4 5 6 7 |  7.2
Armour         | 5 |  5.0
Shields        | |  3.6

Action                   |  1- 3 |  4- 6 |  7- 9 || total
-------------------------+-------+-------+-------++-------
Melee: Quarterstaff      |   108 |   124 |   193 ||   425
       Kick              |       |       |     6 ||     6
Throw: Tomahawk          |       |     2 |       ||     2
 Abil: Dig               |       |     1 |     4 ||     5
       Shaft Self        |       |     1 |     6 ||     7
Evoke: Wand              |       |       |     1 ||     1
  Use: Scroll            |     7 |     4 |     4 ||    15
       Potion            |       |       |     6 ||     6
 Stab: Sleeping          |       |       |     1 ||     1
       Invisible         |       |       |     1 ||     1
  Eat: Chunk             |       |     6 |     5 ||    11
       Royal jelly       |       |       |     1 ||     1
       Meat ration       |       |       |     1 ||     1
       Bread ration      |       |       |     1 ||     1
Armor: Scale mail        |    40 |    30 |    80 ||   150
Dodge: Dodged            |    37 |    35 |    52 ||   124
Block: Shield            |    68 |    69 |    96 ||   233
       Large shield      |       |       |     7 ||     7

Table legend:
 A = Spawn XP
 B = Non-spawn XP
 C = Spawn XP percentage of total XP
 D = Spawn monster count
 E = Non-spawn monster count
 F = Spawn count percentage of total count
 G = Total turns spent on level
                    A         B        C        D         E        F      G
               +---------+---------+-------+---------+---------+-------+---------
         Total |     105 |    1856 |   5.4 |       8 |     102 |   7.3 |  5206
               +---------+---------+-------+---------+---------+-------+---------
           D:1 |       4 |      27 |  12.9 |       2 |      15 |  11.8 |   359
           D:2 |       0 |      30 |   0.0 |       0 |      10 |   0.0 |   416
           D:3 |      84 |     166 |  33.6 |       4 |      26 |  13.3 |  1363
           D:4 |       3 |     168 |   1.8 |       1 |      13 |   7.1 |   392
           D:5 |      14 |     348 |   3.9 |       1 |       6 |  14.3 |   483
           D:6 |       0 |     227 |   0.0 |       0 |      14 |   0.0 |   368
           D:7 |       0 |     148 |   0.0 |       0 |       4 |   0.0 |   460
           D:8 |       0 |      14 |   0.0 |       0 |       1 |   0.0 |    11
          D:10 |       0 |     284 |   0.0 |       0 |       3 |   0.0 |   324
          D:11 |       0 |     164 |   0.0 |       0 |       2 |   0.0 |   280
          D:15 |       0 |     136 |   0.0 |       0 |       2 |   0.0 |    39
         Sewer |       0 |     144 |   0.0 |       0 |       6 |   0.0 |   438
               +---------+---------+-------+---------+---------+-------+---------
